 Dungeon Crawl Stone Soup version 0.27-a0-978-g2aa4ecdaef (webtiles) character file.

Game seed: 1354780104267748724

154 pkoi the Ruffian (level 5, -3/50 HPs)
             Began as a Troll Monk on Apr 14, 2021.
             Slain by Sigmund
             ... wielding a +2 scythe of venom
              (10 damage)
             ... on level 3 of the Dungeon.
             The game lasted 00:02:36 (2378 turns).

pkoi the Ruffian (Troll Monk)                       Turns: 2378, Time: 00:02:37

Health: -3/50      AC:  4    Str: 20    XL:     5   Next: 13%
Magic:  4/4        EV: 10    Int:  6    God:
Gold:   132        SH:  0    Dex: 12    Spells: 4/4 levels left

rFire    . . .     SeeInvis .     - Unarmed
rCold    . . .     Faith    .   (no shield)
rNeg     . . .     Spirit   .   a - +0 robe
rPois    .         Reflect  .   (helmet restricted)
rElec    .         Harm     .   (no cloak)
rCorr    .         Rampage  .   (gloves unavailable)
Will     .....                  (boots unavailable)
Stlth    +.........             (no amulet)
HPRegen  1.16/turn              (no ring)
MPRegen  0.09/turn              (no ring)

@: confused, lethally poisoned (-3 -> -5)
A: large, unfitting armour, claws 3, regeneration 1, shaggy fur 1, tough skin 1
a: no special abilities


You were on level 3 of the Dungeon.
You visited 1 branch of the dungeon, and saw 3 of its levels.

You collected 132 gold pieces.

Inventory:

Missiles
 s - 2 stones (quivered)
Armour
 a - a +0 robe (worn)
Jewellery
 b - a +4 ring of protection
 j - an amulet of regeneration
Scrolls
 d - 2 scrolls of enchant armour {unknown}
 e - a scroll of vulnerability {unknown}
 f - a scroll of torment {unknown}
 g - a scroll of teleportation {unknown}
 n - 5 scrolls of fog {unknown}
 p - a scroll of identify {unknown}
 q - a scroll of summoning {unknown}
 r - a scroll of amnesia {unknown}
Potions
 c - a potion of haste {unknown}
 h - a potion of might {unknown}
 i - a potion of resistance {unknown}
 k - a potion of berserk rage {unknown}
 l - a potion of magic {unknown}
 m - a potion of invisibility {unknown}
 o - a potion of attraction {unknown}


   Skills:
 - Level 2.4 Fighting
 - Level 2.4 Dodging
 - Level 1.0 Stealth
 + Level 5.9 Unarmed Combat


You had 4 spell levels left.
You didn't know any spells.
Your spell library was empty.

Dungeon Overview and Level Annotations

Branches:
Dungeon (3/15)

Altars:

Annotations:
D:3 Sigmund


Innate Abilities, Weirdness & Mutations

You are too large for most types of armour.
You have claws for hands.
Your natural rate of healing is unusually fast.
You are covered in fur. (AC +1)
You have tough skin. (AC +1)


Message History

The bat misses you. The bat hits you but does no damage.
The bat hits you but does no damage. The bat closely misses you.
The bat closely misses you. The bat barely misses you.
The bat hits you but does no damage. The bat hits you but does no damage.
The bat hits you but does no damage. The bat barely misses you.
The bat hits you but does no damage.
You hear a zap.
Something tries to affect you, but you resist.
The now-empty wand crumbles to dust.
The bat hits you but does no damage. The bat hits you but does no damage.
The bat hits you but does no damage. The bat hits you but does no damage.
The bat barely misses you. x2
The bat hits you but does no damage. The bat hits you.
A puff of flame appears from out of thin air!
The puff of flame hits you. The bat hits you but does no damage.
The bat hits you but does no damage. Something hits you!
You are poisoned.
You feel very sick. The bat hits you.
You closely miss the bat.
You feel sick. The bat closely misses you. Something hits you!
You are more poisoned.
You feel very sick. The bat hits you but does no damage.
You feel very sick. The bat hits you but does no damage.
You hear some strange, mumbled words.
You are confused.
You feel very sick. The bat hits you but does no damage.
The goblin hits you with a +0 dagger.
* * * LOW HITPOINT WARNING * * *
You feel sick.
The bat closely misses you. x2; Something hits you!
You die...

##### #.#......#.# #.# #.#
....###.#.##.#.#.#######.#####.##
......#.#....#..................#
.##.#.#.######.#.#######.########
.##............#.# #.#
.##...#........#.# #.#
.##...########.#{#######.#
.##...# #.#.#.......#
.##...########.#@#.#######
.##...#........gb#...########
.##...#..........##.........#
.##...#..(.......##..######.#
.##...#....).....##..#
.##...#..........##..#
.##...########.#.#...### .#
.##...########.#.#.....####.#
.##...#........#.#........#.#


You could see a goblin and a bat.

Vanquished Creatures
  An iguana (D:2)
  4 adders
  3 adder zombies (D:2)
  An adder skeleton (D:2)
  A worm (D:2)
  A dart slug (D:3)
  7 endoplasms
  4 giant cockroaches
  6 goblins
  6 hobgoblins
  4 jackals (D:2)
  4 kobolds
  2 quokkas
  6 ball pythons
  2 ball python zombies (D:2)
  5 bats
  7 frilled lizards
  A giant cockroach zombie (D:2)
  A quokka zombie (D:2)
  6 rats
72 creatures vanquished.

Vanquished Creatures (others)
  A withered plant (D:2)
1 creature vanquished.

Grand Total: 73 creatures vanquished

Notes
Turn   | Place    | Note
-------+----------+-------------------------------------------
     0 | D:1      | pkoi the Troll Monk began the quest for the Orb.
     0 | D:1      | Reached XP level 1. HP: 22/22 MP: 0/0
   128 | D:1      | Reached XP level 2. HP: 26/29 MP: 1/1
   249 | D:1      | Reached skill level 4 in Unarmed Combat
   539 | D:2      | Reached XP level 3. HP: 36/36 MP: 2/2
   890 | D:2      | Reached skill level 5 in Unarmed Combat
   890 | D:2      | Reached XP level 4. HP: 32/44 MP: 3/3
  1644 | D:3      | Found a faded altar of an unknown god.
  1691 | D:3      | Reached XP level 5. HP: 50/50 MP: 4/4
  2268 | D:3      | Noticed Sigmund
  2378 | D:3      | Slain by Sigmund

Illustrated notes

Levels and vault maps discovered:
D:1:      minmay_arrival_jagged, layout_basic
D:2:      layout_basic, serial_undead, serial_undead_d, serial_undead_e,
          serial_undead_c, serial_undead_a, serial_undead_b, corner_web_ring,
          minmay_joined_circles
D:3:      layout_basic, serial_shops, shop, ebering_ecumenical_altar_box,
          chequers_serial_rivers_room_a, uniq_sigmund

Skill      XL: |  1  2  3 |
---------------+----------+-----
Unarmed Combat | 4 5 |  5.9
Fighting       | |  2.4
Dodging        | |  2.4
Stealth        | |  1.0

Action                   |  1- 3 |  4- 6 || total
-------------------------+-------+-------++-------
Melee: Unarmed           |   109 |    86 ||   195
       Punch             |     1 |       ||     1
 Stab: Sleeping          |     6 |     1 ||     7
Armor: Robe              |    32 |    61 ||    93
Dodge: Dodged            |    47 |    78 ||   125

Table legend: (Time is in decaauts)
 A = Elapsed time spent in this place.
 B = Non-inter-level travel time spent in this place.
 C = Inter-level travel time spent in this place.
 D = Time resting spent in this place.
 E = Time spent auto-exploring this place.
 F = Levels seen in this place.
 G = Mean time per level.
                   A        B        C        D        E       F      G
               +--------+--------+--------+--------+--------+-----+--------+
         Total |   2361 |   2250 |    111 |     29 |   1743 |   3 |  787.0 |
       Dungeon |   2361 |   2250 |    111 |     29 |   1743 |   3 |  787.0 |
               +--------+--------+--------+--------+--------+-----+--------+

Top non-repeatable levels by time:
     D:2: 1107 daAuts
     D:3: 746 daAuts
     D:1: 507 daAuts
